cohdb
Replays
Latest Replays
All Replays
Popular Replays
Top Player Replays
Match Explorer
How It Works
Community
CoH3 Stats
Reddit
Sign in to upload your games and track your stats! →
Sign in with Steam
Match 23671681
Unlisted
Match 23671681
Overview
Messages
Build Orders
End
Royal Engineer Section
Vickers Machine Gun Team
Construct Section Command Post
Dingo Light Scout Car
Infantry Section
Infantry Section
Selects Indian Artillery Battlegroup
Selects Valour
Selects Gurkha Rifles Section
Gurkha Rifles Section
Construct Platoon Command Post
Humber Armored Car
6-pounder Anti-tank Gun Team
CMP 15cwt Truck
Unlock M3 Stuart Light Tanks
M3 Stuart Light Tank
Construct Company Command Post
Selects Volunteer Infantry
Selects Artillery Saturation
Selects Off-map Airburst Barrage
Off-map Airburst Barrage
Foot Guards Section
Matilda II Heavy Tank
SneaKerz
gb_gbg
Jansen
Rexsl
0
0
Comments
sign in to comment!
No comments posted yet!